General information
- name: 3v3 us/ca
- type: Custom game
- host: ANIL_DIKSHlT
- saver: ANIL_DIKSHlT
map: Highperch
- players: 6
- length: 64:24
- speed: Fast
- version: 1.24 W3XP
- replay type: Public
» download(477 KB)
Players
team 1 (winner)
ANIL_DIKSHlT (
red | 57 APM | 3642 actions | 64:24)
6 Blademaster
3 Wind Walk
2 Critical Strike
1 Bladestorm
3 Goblin Alchemist
1 Healing Spray
2 Chemical Rage
1 Goblin Tinker
1 Pocket Factory
» actions
| Assign group hotkey | 24 | |
| Basic commands | 97 | |
| Build / train | 87 | |
| ESC pressed | 3 | |
| Enter build submenu | 103 | |
| Enter hero's abilities submenu | 10 | |
| Give item / drop item | 8 | |
| Right click | 2008 | |
| Select / deselect | 363 | |
| Select group hotkey | 712 | |
| Use ability | 227 | |
3642 total
» units
| Peon | 28 | |
| Troll Batrider | 9 | |
| Troll Witch Doctor | 1 | |
| Raider | 1 | |
39 total
» upgrades
| Spiked Barricades | 3 | |
| Reinforced Defenses | 1 | |
| Witch Doctor Training | 1 | |
| Liquid Fire | 1 | |
| War Drums Damage Increase | 1 | |
| Ranged Weapons | 2 | |
9 total
» buildings
| Altar of Storms | 2 | |
| Orc Burrow | 8 | |
| War Mill | 1 | |
| Watch Tower | 75 | |
| Stronghold | 2 | |
| Voodoo Lounge | 1 | |
| Great Hall | 1 | |
| Fortress | 1 | |
| Spirit Lodge | 1 | |
| Beastiary | 1 | |
93 total
» build order
00:03 Altar of Storms
00:04 Orc Burrow
00:42 War Mill
02:15 Watch Tower
02:23 Orc Burrow
02:57 Watch Tower
03:35 Watch Tower
04:02 Watch Tower
04:04 Watch Tower
04:52 Stronghold
05:05 Watch Tower
05:10 Watch Tower
05:32 Watch Tower
05:40 Watch Tower
05:50 Watch Tower
05:54 Voodoo Lounge
06:09 Watch Tower
06:23 Orc Burrow
06:38 Watch Tower
06:46 Watch Tower
06:54 Watch Tower
07:26 Watch Tower
07:59 Great Hall
08:12 Watch Tower
08:14 Watch Tower
08:46 Orc Burrow
09:09 Watch Tower
09:12 Watch Tower
09:14 Watch Tower
09:19 Watch Tower
09:21 Watch Tower
09:30 Watch Tower
11:07 Fortress
11:27 Watch Tower
12:00 Watch Tower
12:01 Watch Tower
12:34 Watch Tower
12:38 Watch Tower
13:41 Watch Tower
13:46 Watch Tower
14:05 Watch Tower
14:07 Watch Tower
14:08 Watch Tower
14:10 Watch Tower
14:11 Watch Tower
14:12 Watch Tower
15:10 Watch Tower
15:12 Watch Tower
17:24 Watch Tower
17:26 Watch Tower
21:06 Spirit Lodge
21:41 Watch Tower
21:43 Watch Tower
21:46 Watch Tower
21:47 Watch Tower
21:50 Watch Tower
21:51 Watch Tower
25:39 Watch Tower
25:41 Watch Tower
25:43 Watch Tower
25:45 Watch Tower
26:11 Watch Tower
26:14 Watch Tower
27:27 Watch Tower
27:29 Watch Tower
27:30 Watch Tower
27:31 Watch Tower
27:58 Watch Tower
28:01 Watch Tower
28:37 Watch Tower
28:59 Stronghold
29:05 Orc Burrow
29:23 Watch Tower
29:24 Watch Tower
29:47 Orc Burrow
29:54 Beastiary
31:20 Orc Burrow
31:42 Watch Tower
31:44 Watch Tower
31:49 Watch Tower
31:51 Watch Tower
33:00 Watch Tower
34:39 Watch Tower
34:41 Watch Tower
34:46 Watch Tower
34:47 Watch Tower
35:26 Watch Tower
35:34 Orc Burrow
38:52 Altar of Storms
38:55 Watch Tower
38:56 Watch Tower
40:27 Watch Tower
41:02 Watch Tower
» items
| Lesser Clarity Potion | 1 | |
| Scroll of Speed | 1 | |
| Boots of Speed | 3 | |
| Staff of Teleportation | 3 | |
| Potion of Healing | 3 | |
| Potion of Mana | 2 | |
| Scroll of Town Portal | 1 | |
| Periapt of Vitality | 1 | |
| Orb of Lightning | 2 | |
| Tiny Great Hall | 1 | |
| Potion of Invisibility | 1 | |
| Mechanical Critter | 3 | |
| Staff of Sanctuary | 1 | |
23 total

»
5eeeees (
blue | 44 APM | 2824 actions | 64:19)
4 Archmage
2 Blizzard
2 Brilliance Aura
2 Mountain King
1 Storm Bolt
1 Bash
3 Blood Mage
2 Flame Strike
1 Siphon Mana
» actions
| Assign group hotkey | 122 | |
| Basic commands | 13 | |
| Build / train | 82 | |
| Enter build submenu | 44 | |
| Enter hero's abilities submenu | 9 | |
| Give item / drop item | 1 | |
| Right click | 1581 | |
| Select / deselect | 478 | |
| Select group hotkey | 412 | |
| Use ability | 82 | |
2824 total
» units
| Peasant | 8 | |
| Rifleman | 7 | |
| Priest | 7 | |
| Flying Machine | 6 | |
| Sorceress | 2 | |
| Dragonhawk Rider | 10 | |
40 total
» upgrades
| Lumber Harvesting | 2 | |
| Gunpowder | 1 | |
| Long Rifles | 1 | |
| Masonry | 3 | |
| Cloud | 1 | |
8 total
» buildings
| Altar of Kings | 1 | |
| Farm | 10 | |
| Blacksmith | 1 | |
| Lumber Mill | 1 | |
| Barracks | 2 | |
| Keep | 1 | |
| Scout Tower | 15 | |
| Guard Tower | 15 | |
| Arcane Vault | 2 | |
| Arcane Sanctum | 1 | |
| Castle | 1 | |
| Workshop | 1 | |
| Gryphon Aviary | 1 | |
52 total
» build order
00:04 Altar of Kings
00:23 Farm
00:50 Blacksmith
01:00 Lumber Mill
01:39 Barracks
02:22 Farm
02:29 Barracks
03:03 Farm
03:24 Keep
03:52 Farm
04:22 Scout Tower
04:35 Farm
04:53 Guard Tower
04:55 Scout Tower
05:19 Farm
05:28 Guard Tower
06:46 Arcane Vault
06:50 Arcane Sanctum
07:59 Castle
08:13 Farm
09:48 Scout Tower
10:16 Guard Tower
10:17 Scout Tower
10:32 Workshop
10:56 Guard Tower
10:58 Scout Tower
11:27 Guard Tower
11:29 Scout Tower
11:57 Guard Tower
12:01 Scout Tower
12:34 Farm
12:36 Guard Tower
14:37 Farm
18:20 Arcane Vault
27:13 Scout Tower
27:28 Scout Tower
27:46 Guard Tower
27:56 Scout Tower
28:29 Guard Tower
28:40 Scout Tower
28:48 Scout Tower
29:10 Guard Tower
29:12 Guard Tower
29:17 Scout Tower
29:23 Scout Tower
29:32 Guard Tower
29:41 Gryphon Aviary
29:48 Guard Tower
29:50 Guard Tower
30:03 Scout Tower
31:18 Guard Tower
31:35 Farm
» items
| Scroll of Regeneration | 1 | |
| Staff of Sanctuary | 1 | |
| Scroll of Town Portal | 3 | |
5 total

»
nirvana. (
orange | 95 APM | 3712 actions | 39:12)
4 Blademaster
2 Wind Walk
2 Critical Strike
4 Shadow Hunter
2 Healing Wave
2 Hex
» actions
| Assign group hotkey | 40 | |
| Basic commands | 20 | |
| Build / train | 121 | |
| Enter build submenu | 29 | |
| Enter hero's abilities submenu | 8 | |
| Give item / drop item | 6 | |
| Remove unit from queue | 20 | |
| Right click | 1879 | |
| Select / deselect | 469 | |
| Select group hotkey | 982 | |
| Use ability | 136 | |
3712 total
» units
| Peon | 14 | |
| Grunt | 3 | |
| Raider | 5 | |
| Spirit Walker | 5 | |
| Troll Batrider | 14 | |
| Wind Rider | 15 | |
| Demolisher | -1 | |
55 total
» upgrades
| Berserker Strength | 1 | |
| Ensnare | 1 | |
| Spirit Walker Training | 1 | |
| Armor | 3 | |
| Ranged Weapons | 3 | |
| Envenomed Spears | 1 | |
| Liquid Fire | 1 | |
11 total
» buildings
| Altar of Storms | 1 | |
| Orc Burrow | 8 | |
| Barracks | 1 | |
| Voodoo Lounge | 3 | |
| War Mill | 1 | |
| Watch Tower | 7 | |
| Stronghold | 1 | |
| Beastiary | 2 | |
| Spirit Lodge | 1 | |
| Great Hall | 1 | |
| Fortress | 1 | |
27 total
» build order
00:07 Altar of Storms
00:18 Orc Burrow
00:33 Barracks
01:31 Voodoo Lounge
02:00 War Mill
02:30 Orc Burrow
03:26 Watch Tower
04:08 Stronghold
05:36 Orc Burrow
05:39 Watch Tower
06:46 Watch Tower
06:55 Orc Burrow
06:57 Beastiary
07:00 Spirit Lodge
08:23 Watch Tower
09:14 Watch Tower
10:43 Great Hall
11:12 Orc Burrow
12:36 Watch Tower
13:58 Voodoo Lounge
14:32 Orc Burrow
17:44 Fortress
18:18 Beastiary
19:12 Voodoo Lounge
19:26 Orc Burrow
19:30 Orc Burrow
35:09 Watch Tower
» items
| Healing Salve | 6 | |
| Lesser Clarity Potion | 10 | |
| Scroll of Speed | 2 | |
| Scroll of Town Portal | 1 | |
| Potion of Healing | 3 | |
| Orb of Lightning | 1 | |
23 total
team 2 (loser)
1314 (
purple | 76 APM | 3327 actions | 43:56)
5 Mountain King
3 Storm Bolt
2 Bash
2 Blood Mage
1 Banish
1 Flame Strike
5 Paladin
3 Holy Light
2 Divine Shield
» actions
| Assign group hotkey | 54 | |
| Basic commands | 2 | |
| Build / train | 122 | |
| Enter build submenu | 36 | |
| Enter hero's abilities submenu | 12 | |
| Give item / drop item | 3 | |
| Remove unit from queue | 1 | |
| Right click | 1092 | |
| Select / deselect | 640 | |
| Select group hotkey | 1150 | |
| Use ability | 215 | |
3327 total
» units
| Peasant | 21 | |
| Flying Machine | 2 | |
| Mortar Team | 6 | |
| Dragonhawk Rider | 19 | |
| Gryphon Rider | 1 | |
| Siege Engine | 8 | |
| Knight | 3 | |
60 total
» upgrades
| Masonry | 3 | |
| Lumber Harvesting | 2 | |
| Flare | 1 | |
| Fragmentation Shards | 1 | |
| Gunpowder | 3 | |
| Cloud | 1 | |
| Barrage | 1 | |
| Plating | 1 | |
| Storm Hammers | 1 | |
14 total
» buildings
| Altar of Kings | 1 | |
| Farm | 14 | |
| Scout Tower | 4 | |
| Lumber Mill | 1 | |
| Arcane Tower | 4 | |
| Guard Tower | 4 | |
| Keep | 1 | |
| Arcane Vault | 2 | |
| Blacksmith | 1 | |
| Castle | 1 | |
| Workshop | 2 | |
| Gryphon Aviary | 2 | |
| Town Hall | 1 | |
| Barracks | 1 | |
39 total
» build order
00:06 Altar of Kings
00:12 Farm
00:35 Scout Tower
00:53 Farm
01:01 Lumber Mill
01:08 Arcane Tower
01:09 Arcane Tower
01:09 Arcane Tower
01:29 Farm
01:39 Scout Tower
02:12 Guard Tower
03:20 Scout Tower
03:49 Keep
03:51 Arcane Vault
03:53 Scout Tower
04:07 Arcane Vault
04:12 Blacksmith
04:23 Guard Tower
06:31 Castle
06:35 Workshop
06:42 Workshop
07:46 Guard Tower
07:53 Guard Tower
08:04 Arcane Tower
09:24 Gryphon Aviary
09:36 Farm
09:40 Farm
09:44 Farm
11:06 Town Hall
13:46 Farm
13:47 Farm
14:24 Farm
14:25 Farm
18:21 Farm
18:23 Farm
19:34 Barracks
19:35 Farm
19:48 Gryphon Aviary
21:16 Farm
» items
| Lesser Clarity Potion | 5 | |
| Scroll of Regeneration | 4 | |
| Ivory Tower | 3 | |
| Scroll of Town Portal | 2 | |
| Potion of Lesser Invulnerability | 2 | |
| Boots of Speed | 1 | |
| Periapt of Vitality | 1 | |
| Scroll of Healing | 2 | |
20 total
dixontang (
yellow | 35 APM | 2253 actions | 64:19)
4 Crypt Lord
1 Impale
2 Carrion Beetles
1 Spiked Carapace
» actions
| Assign group hotkey | 11 | |
| Basic commands | 2 | |
| Build / train | 68 | |
| Enter build submenu | 38 | |
| Enter hero's abilities submenu | 5 | |
| Give item / drop item | 2 | |
| Remove unit from queue | 6 | |
| Right click | 1500 | |
| Select / deselect | 380 | |
| Select group hotkey | 155 | |
| Use ability | 86 | |
2253 total
» units
| Acolyte | 9 | |
| Ghoul | 2 | |
| Gargoyle | -2 | |
| Crypt Fiend | 26 | |
35 total
» upgrades
| Creature Carapace | 2 | |
| Creature Attack | 2 | |
| Burrow | 1 | |
| Web | 1 | |
6 total
» buildings
| Ziggurat | 23 | |
| Altar of Darkness | 1 | |
| Crypt | 1 | |
| Nerubian Tower | 14 | |
| Graveyard | 1 | |
| Halls of the Dead | 1 | |
| Spirit Tower | 3 | |
44 total
» build order
00:40 Ziggurat
01:00 Altar of Darkness
01:12 Ziggurat
01:58 Crypt
02:15 Ziggurat
03:21 Ziggurat
03:51 Nerubian Tower
04:11 Nerubian Tower
05:01 Ziggurat
05:34 Ziggurat
06:47 Nerubian Tower
07:17 Ziggurat
08:50 Ziggurat
10:02 Ziggurat
10:35 Graveyard
11:02 Nerubian Tower
11:12 Ziggurat
11:13 Nerubian Tower
11:53 Ziggurat
12:28 Halls of the Dead
13:06 Spirit Tower
13:26 Spirit Tower
13:52 Ziggurat
14:17 Ziggurat
15:27 Ziggurat
15:53 Spirit Tower
16:27 Nerubian Tower
16:32 Ziggurat
17:25 Nerubian Tower
17:38 Ziggurat
17:48 Ziggurat
18:34 Nerubian Tower
18:49 Ziggurat
19:07 Ziggurat
19:45 Nerubian Tower
20:04 Nerubian Tower
20:17 Ziggurat
21:51 Nerubian Tower
21:58 Ziggurat
22:11 Ziggurat
22:52 Nerubian Tower
23:05 Nerubian Tower
26:18 Ziggurat
28:10 Nerubian Tower
DarthvorgaN (
teal | 32 APM | 2071 actions | 63:49)
7 Dreadlord
3 Vampiric Aura
2 Sleep
1 Inferno
1 Carrion Swarm
1 Mountain King
1 Avatar
» actions
| Assign group hotkey | 30 | |
| Build / train | 146 | |
| ESC pressed | 1 | |
| Enter build submenu | 35 | |
| Enter hero's abilities submenu | 8 | |
| Remove unit from queue | 12 | |
| Right click | 1045 | |
| Select / deselect | 524 | |
| Select group hotkey | 188 | |
| Use ability | 82 | |
2071 total
» units
| Acolyte | 7 | |
| Ghoul | 26 | |
| Crypt Fiend | 2 | |
| Necromancer | 7 | |
| Gargoyle | 30 | |
| Abomination | 22 | |
| Meatwagon | 11 | |
| Frost Wyrm | 6 | |
111 total
» upgrades
| Cannibalize | 1 | |
| Unholy Armor | 2 | |
| Necromancer Training | 1 | |
| Exhume Corpses | 1 | |
| Ghoul Frenzy | 1 | |
| Freezing Breath | 1 | |
| Disease Cloud | 1 | |
8 total
» buildings
| Ziggurat | 16 | |
| Crypt | 1 | |
| Altar of Darkness | 1 | |
| Graveyard | 2 | |
| Halls of the Dead | 2 | |
| Temple of the Damned | 1 | |
| Black Citadel | 1 | |
| Slaughterhouse | 1 | |
| Sacrificial Pit | 2 | |
| Boneyard | 1 | |
| Tomb of Relics | 1 | |
| Nerubian Tower | 2 | |
| Necropolis | 1 | |
32 total
» build order
00:09 Ziggurat
00:11 Crypt
00:37 Altar of Darkness
00:54 Ziggurat
01:29 Ziggurat
01:34 Ziggurat
02:28 Graveyard
04:27 Halls of the Dead
06:49 Temple of the Damned
06:54 Ziggurat
08:03 Ziggurat
08:04 Ziggurat
09:25 Black Citadel
12:49 Slaughterhouse
13:00 Sacrificial Pit
16:54 Boneyard
18:38 Tomb of Relics
21:08 Ziggurat
21:08 Ziggurat
21:12 Ziggurat
30:08 Ziggurat
31:45 Nerubian Tower
46:08 Necropolis
47:54 Halls of the Dead
50:21 Sacrificial Pit
61:55 Ziggurat
61:58 Ziggurat
62:01 Ziggurat
62:03 Ziggurat
62:06 Ziggurat
62:47 Nerubian Tower
63:00 Graveyard
Chat log
(01:07 / Allies) 5eeeees: so whats the plan here?
(01:13 / Allies) ANIL_DIKSHlT: tower up the chokes
(01:14 / Allies) nirvana.: no idea
(01:19 / Allies) nirvana.: are you kidding...
(01:35 / Allies) ANIL_DIKSHlT: its a custom game idc about records, wanna experiment with clan towa builds
(01:46 / Allies) 5eeeees: ok
(01:49 / Allies) nirvana.: ...
(01:50 / Allies) nirvana.: lol
(01:51 / Allies) nirvana.: whatev
(01:57 / Allies) 5eeeees: what keeps them from just flying over?
(02:03 / Allies) nirvana.: or going around
(02:05 / Allies) nirvana.: ...
(02:08 / Allies) nirvana.: tr their base
(02:08 / Allies) ANIL_DIKSHlT: by the time they get enough air
(02:11 / Allies) ANIL_DIKSHlT: we will be in the perch
(03:51 / Allies) nirvana.: wow yellow sucks
(04:26 / Allies) 5eeeees: aww, i don't want to pick on him
(05:25 / All) nirvana.: =)
(05:34 / Allies) ANIL_DIKSHlT: need more
(06:04 / Allies) ANIL_DIKSHlT: dont tower up there...just at the chokes
(06:15 / All) nirvana.: ...
(06:16 / Allies) ANIL_DIKSHlT: whole point is to spend as little as possible
(06:58 / Allies) ANIL_DIKSHlT: purp will prob get am next
(07:38 / Allies) ANIL_DIKSHlT: oops
(07:40 / Allies) ANIL_DIKSHlT: my b
(08:21 / Allies) ANIL_DIKSHlT: blue help me tower this side
(09:45 / Allies) ANIL_DIKSHlT: shop here
(12:19 / Allies) 5eeeees: lol
(13:52 / Allies) ANIL_DIKSHlT: shop here pls
(14:00 / Allies) nirvana.: ...
(15:17 / Allies) ANIL_DIKSHlT: let em come
(15:59 / Allies) ANIL_DIKSHlT: @ towers
(17:22 / All) nirvana.: lol
(17:25 / Allies) 5eeeees: this is actually pretty amusing
(17:33 / Allies) ANIL_DIKSHlT: thats the point :D
(17:48 / Allies) nirvana.: this is sad
(17:58 / Allies) 5eeeees: unfortunately i have no expo
(18:04 / Allies) ANIL_DIKSHlT: i can feed u a lil
(18:14 / Allies) ANIL_DIKSHlT: need to get to shop tho
(18:21 / Allies) nirvana.: im gona mass air
(18:24 / Allies) ANIL_DIKSHlT: not yet
(18:37 / Allies) ANIL_DIKSHlT: i mean raid w/ bats if u want
(19:10 / Allies) ANIL_DIKSHlT: starting the perch
(19:43 / Allies) ANIL_DIKSHlT: they havent touched it yet
(19:45 / Allies) nirvana.: you should tower it
(19:50 / Allies) ANIL_DIKSHlT: too expensive
(19:56 / Allies) ANIL_DIKSHlT: and theyll have a lot of land seige by now
(20:05 / Allies) ANIL_DIKSHlT: besides its more annoyin to them if we perch
(20:14 / Allies) 5eeeees: what is perch?
(20:23 / Allies) ANIL_DIKSHlT: meaning we build a base up there
(20:42 / Allies) ANIL_DIKSHlT: got boots for ya oj
(20:54 / Allies) nirvana.: kewl
(21:11 / Allies) ANIL_DIKSHlT: guess i better make some units
(21:16 / Allies) ANIL_DIKSHlT: at some point
(22:05 / Allies) ANIL_DIKSHlT: im up
(22:55 / Allies) ANIL_DIKSHlT: just blizz em
(23:43 / Allies) ANIL_DIKSHlT: teleport up
(23:45 / Allies) ANIL_DIKSHlT: when able
(23:56 / Allies) ANIL_DIKSHlT: bring some peasants
(24:17 / Allies) 5eeeees: haha
(25:24 / Allies) ANIL_DIKSHlT: tp scroll up some peasants
(25:50 / Allies) ANIL_DIKSHlT: ill make an outer ring of watch towers
(25:58 / Allies) ANIL_DIKSHlT: make guard towers behind em
(26:03 / Allies) ANIL_DIKSHlT: wait...i got that backwards
(26:09 / Allies) ANIL_DIKSHlT: meh w/e
(27:34 / Allies) 5eeeees: this'll be it for my gold
(27:37 / All) dixontang: my crypt will go
(27:59 / Allies) 5eeeees: nice, thanks
(29:30 / Allies) 5eeeees: should i get copters or something?
(29:33 / Allies) ANIL_DIKSHlT: no
(29:34 / Allies) ANIL_DIKSHlT: just hawks
(29:37 / Allies) ANIL_DIKSHlT: lots of hawks
(29:43 / Allies) 5eeeees: ok
(30:00 / Allies) ANIL_DIKSHlT: and share ctrl pls
(30:45 / Allies) ANIL_DIKSHlT: im spreading out critters
(30:47 / Allies) ANIL_DIKSHlT: so we can teleport
(31:56 / Allies) ANIL_DIKSHlT: now the fun part
(32:00 / Allies) ANIL_DIKSHlT: we let em push and think they won
(32:28 / Allies) ANIL_DIKSHlT: make a good effort in defending the choke
(32:35 / Allies) ANIL_DIKSHlT: so they think we mean it :))
(33:04 / All) nirvana.: Lol
(33:45 / Allies) ANIL_DIKSHlT: lol
(33:54 / Allies) ANIL_DIKSHlT: send hawks
(34:18 / Allies) ANIL_DIKSHlT: yay exp
(35:02 / All) 1314: you are cheat
(35:08 / All) ANIL_DIKSHlT: ?
(35:35 / All) 1314: how did u guy going top to heal water
(35:47 / All) ANIL_DIKSHlT: how did what guy going where to heal water
(36:17 / All) ANIL_DIKSHlT: has anybody ever been so far even as to use want to do go look more like?
(36:30 / Allies) ANIL_DIKSHlT: blue share control please
(36:34 / Allies) ANIL_DIKSHlT: incase we have to shackle fast
(36:57 / Allies) ANIL_DIKSHlT: dont lose all your units defending
(37:18 / All) ANIL_DIKSHlT: oh dear..
(38:16 / Allies) 5eeeees: i actually thougth were were going to hold there for a sec
(39:06 / Allies) ANIL_DIKSHlT: oj dont forget to get up here
(39:10 / Allies) nirvana.: i have no gold im useless hf
(39:17 / All) ANIL_DIKSHlT: oh noes :D
(40:22 / Allies) 5eeeees: lol
(40:29 / Allies) 5eeeees: no way to get him up here?
(40:35 / Allies) ANIL_DIKSHlT: not worth it
(40:49 / All) ANIL_DIKSHlT: nuuuu
(41:08 / Allies) ANIL_DIKSHlT: gold pls
(41:17 / Allies) ANIL_DIKSHlT: oh wow
(41:17 / Allies) 5eeeees: lol
(41:19 / Allies) ANIL_DIKSHlT: youre low
(41:21 / Allies) ANIL_DIKSHlT: oh well
(41:22 / Allies) 5eeeees: yeah
(41:23 / Allies) ANIL_DIKSHlT: we can still annoy them
(41:26 / Allies) 5eeeees: i had no expo
(41:32 / Allies) ANIL_DIKSHlT: oj wasted so much
(42:02 / Allies) ANIL_DIKSHlT: w00t
(42:09 / Allies) 5eeeees: nice
(42:11 / Allies) 5eeeees: don't lose them all
(42:21 / Allies) ANIL_DIKSHlT: incoming wyrms
(42:58 / Allies) ANIL_DIKSHlT: got his boneyard too
(43:03 / Allies) 5eeeees: ud would be good at this because you could unsummon
(43:09 / Allies) ANIL_DIKSHlT: yeah but their towers suck
(43:14 / Allies) 5eeeees: ah
(43:16 / Allies) ANIL_DIKSHlT: he shoulda unsummoned his base
(43:33 / Allies) ANIL_DIKSHlT: get ready
(43:44 / Allies) ANIL_DIKSHlT: theyll come up here next
(43:49 / Allies) ANIL_DIKSHlT: and try to freeze our towers
(43:52 / All) 1314: gg
(43:55 / All) 1314: im out
(43:55 / All) ANIL_DIKSHlT: oh noes
(43:56 / All) ANIL_DIKSHlT: our bases
(43:58 / Allies) 5eeeees: i'm ready
(44:00 / All) ANIL_DIKSHlT: sadface.
(44:21 / Allies) 5eeeees: shackle dragons first?
(44:24 / Allies) ANIL_DIKSHlT: yea
(44:28 / Allies) ANIL_DIKSHlT: but stay back
(44:39 / Allies) 5eeeees: ok
(44:42 / Allies) ANIL_DIKSHlT: so the gargoyles have to take a lotta fire
(45:02 / Allies) 5eeeees: too bad we don't hve more towers on the bottom
(45:08 / Allies) ANIL_DIKSHlT: nah
(45:09 / Allies) ANIL_DIKSHlT: we had enough
(45:20 / Allies) 5eeeees: no i mean up here
(45:22 / Allies) ANIL_DIKSHlT: oh yeah
(45:23 / Allies) ANIL_DIKSHlT: true
(45:29 / Allies) ANIL_DIKSHlT: oj wasted his gold
(45:34 / Allies) ANIL_DIKSHlT: units are noob
(45:40 / Allies) 5eeeees: haha
(47:52 / Allies) ANIL_DIKSHlT: get dy
(47:53 / Allies) ANIL_DIKSHlT: rdy
(47:58 / Allies) 5eeeees: i saw them
(49:15 / Allies) ANIL_DIKSHlT: i hotkeyed your hawks btw
(49:18 / Allies) ANIL_DIKSHlT: but i wont try to interfere
(49:24 / Allies) 5eeeees: ok
(49:41 / Allies) 5eeeees: hey i still have a copter
(49:47 / Allies) ANIL_DIKSHlT: he cant afford to haunt his gold mine
(49:48 / Allies) ANIL_DIKSHlT: aaaah
(49:53 / Allies) ANIL_DIKSHlT: oh nice bring it up
(50:01 / Allies) ANIL_DIKSHlT: need to scout for fiends
(50:29 / Allies) ANIL_DIKSHlT: ooh
(50:44 / Allies) ANIL_DIKSHlT: lets explore
(50:50 / Allies) ANIL_DIKSHlT: free exp
(50:51 / Allies) ANIL_DIKSHlT: my fav
(52:23 / Allies) ANIL_DIKSHlT: almost 6
(52:29 / Allies) 5eeeees: cool
(52:37 / Allies) 5eeeees: this is going to take a while
(52:46 / Allies) ANIL_DIKSHlT: grab a book
(53:40 / Allies) 5eeeees: i should have gotton some of those teleport stafs
(53:44 / Allies) ANIL_DIKSHlT: i have 1 to spare
(53:49 / Allies) ANIL_DIKSHlT: oh wait its on my tinker
(54:04 / Allies) ANIL_DIKSHlT: i can give it to you later
(54:06 / Allies) ANIL_DIKSHlT: when we need you to seige
(54:30 / Allies) ANIL_DIKSHlT: theres 2 purple machines
(54:30 / Allies) 5eeeees: if i could sell my items i've got ~300 gold
(54:37 / Allies) ANIL_DIKSHlT: if i kill em, they cant see me
(55:01 / Allies) 5eeeees: haha
(55:02 / Allies) 5eeeees: all out
(55:06 / Allies) 5eeeees: wow
(55:08 / Allies) 5eeeees: they gonna die
(55:22 / Allies) ANIL_DIKSHlT: they dont micro
(55:26 / All) DarthvorgaN: i m bored of this hide and seek
(55:31 / All) ANIL_DIKSHlT: forfeit?
(55:31 / All) DarthvorgaN: bye
(55:35 / All) ANIL_DIKSHlT: yep he forfeits
(55:51 / All) 5eeeees: we're not relly hiding
(55:57 / All) ANIL_DIKSHlT: yeah you know where we are
(56:03 / All) ANIL_DIKSHlT: think of it as practice scouting for you
(56:10 / All) ANIL_DIKSHlT: since you need it
(57:27 / Allies) ANIL_DIKSHlT: heads up
(57:38 / Allies) ANIL_DIKSHlT: ill bait a gargoyle
(57:42 / Allies) 5eeeees: ok
(58:22 / Allies) ANIL_DIKSHlT: careful
(58:46 / All) ANIL_DIKSHlT: GG WE LOSE ONLY 2 TOWERS LEFT
(58:51 / All) ANIL_DIKSHlT: NO PLZ DUN KILL DEM
(58:55 / All) DarthvorgaN: 3
(58:59 / All) ANIL_DIKSHlT: sry, 3
(59:10 / Allies) 5eeeees: they must know we havea hall
(59:47 / Allies) ANIL_DIKSHlT: 6
(60:20 / All) dixontang: on left side
(60:27 / All) ANIL_DIKSHlT: wha
(60:47 / All) 5eeeees: our left or your left
(60:53 / Allies) ANIL_DIKSHlT: lol
(60:56 / All) dixontang: your
(61:03 / All) ANIL_DIKSHlT: top or bottom
(61:07 / All) dixontang: middle
(61:12 / All) ANIL_DIKSHlT: oh
(61:14 / All) ANIL_DIKSHlT: thats just an expo
(61:33 / Allies) ANIL_DIKSHlT: hey u got down
(61:35 / Allies) ANIL_DIKSHlT: oh my staff :(
(61:38 / Allies) 5eeeees: i stole it
(61:39 / Allies) 5eeeees: :)
(61:41 / Allies) ANIL_DIKSHlT: well be careful
(61:49 / Allies) ANIL_DIKSHlT: u dont have an escape
(62:02 / Allies) ANIL_DIKSHlT: scouting with ur machine
(62:14 / Allies) ANIL_DIKSHlT: keep the hawks on hold pos
(62:18 / Allies) ANIL_DIKSHlT: so they cant bait them out
(63:13 / All) ANIL_DIKSHlT: "maybe if we kill oj base we will win"
(63:28 / Allies) ANIL_DIKSHlT: what was e building anyway
(63:50 / All) ANIL_DIKSHlT: lol
(63:56 / All) dixontang: boring now
(63:59 / All) dixontang: rm bye
(63:59 / All) ANIL_DIKSHlT: u ff?
(64:03 / All) ANIL_DIKSHlT: i think he forfeits
(64:14 / All) dixontang: if i unsommon i will have many gold
(64:17 / All) ANIL_DIKSHlT: do it